Map: Jagannatha LE

Players

A.I. 1 (Very Easy)

  • Race: Zerg Zerg
  • Spawn Location: 7:00

rottenorange - Winner!

  • Race: Zerg Zerg
  • League: Bronze
  • Spawn Location: 1:00

VOD

Have the link to the VOD?

Description

Time

  • Played on: Oct. 9, 2020, 12:26 p.m.
  • Length: 8:03
Show
View Real Time Build Order
Export as new Build Order

A.I. 1 (Very Easy) Zerg 

Build Orders: Pool Only 

Get SALT Encoding   

  12  0:01  Drone  
  13  0:12  Overlord  
  13  0:17  Drone  
  14  0:35  Spawning Pool  
  13  0:37  Drone  
  13  0:41  Extractor  
  13  0:44  Drone  
  14  0:52  Overlord  
  14  1:22  Queen, Zergling x2  
  17  1:30  Roach Warren  
  16  1:33  Drone  
  16  1:37  Extractor  
  16  1:41  Drone  
  17  1:51  Zergling x2  
  18  2:00  Drone  
  19  2:07  Drone  
  20  2:16  Drone  
  20  2:19  Zergling x2  
  22  2:27  Overlord  
  22  2:29  Drone  
  23  2:37  Drone  
  24  2:44  Drone  
  25  2:48  Roach  
  27  3:48  Zergling x2  
  23  4:11  Queen  
  23  4:15  Drone  
  23  4:17  Roach  
  23  4:22  Drone  
  14  4:29  Drone  
  13  4:37  Drone  
  14  4:44  Drone  
  17  4:45  Roach  
  17  4:51  Drone  
  18  4:59  Drone  
  19  5:06  Drone  
  20  5:14  Zergling x2  
  21  5:16  Drone  
  22  5:42  Zergling x2  
  23  5:43  Drone  
  24  5:50  Drone  
  25  5:57  Drone  
  26  6:04  Drone  
  26  6:11  Drone, Zergling x2  
  29  6:46  Zergling x2  
  23  7:14  Zergling x2  
  23  7:21  Drone  
  23  7:22  Queen  
  23  7:28  Drone  
  14  7:35  Drone  
Show
View Real Time Build Order
Export as new Build Order

rottenorange Zerg - Winner!

Build Orders: Hatch First 

Get SALT Encoding   

  12  0:01  Drone  
  13  0:12  Overlord  
  13  0:17  Drone  
  14  0:32  Drone x2  
  16  0:53  Hatchery  
  15  1:01  Drone x2  
  17  1:14  Spawning Pool  
  17  1:18  Drone  
  17  1:21  Drone  
  18  1:31  Extractor  
  17  1:33  Drone  
  17  1:36  Drone  
  19  1:48  Drone  
  20  1:56  Drone  
  21  2:04  Queen x2  
  21  2:06  Zergling x2  
  26  2:09  Zergling x2  
  27  2:16  Overlord  
  27  2:41  Zergling x2  
  27  2:42  Hatchery, Zergling x2  
  28  2:51  Zergling x4  
  30  3:04  Metabolic Boost  
  30  3:10  Zergling x2  
  30  3:11  Zergling x8  
  35  3:23  Overlord  
  35  3:24  Overlord  
  35  3:43  Drone, Spine Crawler  
  35  3:44  Spine Crawler  
  35  3:45  Spine Crawler  
  28  4:15  Drone x4  
  28  4:16  Drone  
  29  4:24  Drone  
  28  4:41  Zergling x2  
  28  4:42  Zergling x20  
  39  4:50  Roach Warren  
  38  4:55  Evolution Chamber  
  37  5:00  Drone  
  37  5:01  Drone x5  
  43  5:11  Drone x2  
  45  5:23  Queen  
  45  5:27  Drone x3  
  50  5:34  Zerg Missile Weapons Level 1  
  50  5:44  Roach x4  
  50  5:47  Overlord x2  
  58  6:05  Overlord x3  
  58  6:08  Roach  
  58  6:09  Roach x4  
  68  6:39  Roach  
  78  6:40  Roach x4  
  77  6:58  Extractor  
  77  7:00  Drone x5  
  80  7:03  Drone  
  80  7:04  Drone x3  
  80  7:07  Drone x5  
  88  7:29  Overlord x3  
  88  7:30  Roach  
  88  7:31  Roach x3  
Tags
 
League
Bronze
Matchup
ZvZ
Race
Zerg
Replay Pack
replays
Spawn Locations
Cross Positions
Add a new tag
Caveats
  • Supply blocks, unpowered buildings, or Contaminate may cause inaccurate times.
  • Supply counts are checked every 10 seconds.